 Dungeon Crawl Stone Soup version 0.30-a0-1008-g30c9307041 (webtiles) character file.

Game seed: 15903472581988867886

266660 Esekla the Eclecticist (level 20, -7/171 (179) HPs)
             Began as an Octopode Delver on Apr 4, 2023.
             Was an Initiate of Gozag.
             Mangled by a caustic shrike (16 damage)
             ... on level 1 of the Depths on Apr 5, 2023.
             The game lasted 07:07:20 (53039 turns).

Esekla the Eclecticist (Octopode Delver)           Turns: 53039, Time: 07:07:20

HP:   -7/171 (179)  AC: 22    Str: 28    XL:     20   Next: 10%
MP:   55/58         EV: 11    Int: 35    God:    Gozag
Gold: 3720          SH: 28    Dex: 14    Spells: 1/49 levels left

rFire   + + +      SeeInvis +    x - +7 double sword (vamp)
rCold   + . .      Faith    .    N - +18 shield of the Gong {Loud rN+ Will+ rCorr EV-5}
rNeg    + + .      Spirit   .    T - +3 hat of Pondering {ponderous, Will+ MP+10 Int+5}
rPois   ∞          Reflect  .    Z - amulet of magic regeneration
rElec   +          Rampage  .    h - +6 ring of strength
rCorr   +                        I - ring of wizardry
Will    ++++.                    B - ring of Scepticism {rCorr MP+9 Str+6 Int+3 Dex-4}
Stlth   ++++++                   H - ring of the Peculiar Wars {rElec rF+ Dex+6}
HPRegen 0.48/turn                M - ring "Xeunidog" {Wiz rElec rCorr}
MPRegen 0.76/turn                L - ring "Ackeq" {rPois rF+ Int+2 SInv}
                                 n - ring of protection from cold
                                 K - ring "Car Booq" {Fly rElec rF+ Will+ Int+5}

@: statue-form, wereblooded, corroded, flying, lightly drained, very slow
A: slow and powerful, torment resistance 1, boosted hp, almost no armour,
amphibious, 8 rings, camouflage 1, (gelatinous body 1), (nimble swimmer 1),
tentacles, strong 1
}: 2/15 runes: decaying, serpentine
a: End Transformation, Renounce Religion, Potion Petition, Call Merchant, Bribe
Branch


You were on level 1 of the Depths.
You worshipped Gozag.
Gozag was most pleased with you.
You were a living statue of rough stone.
You visited 6 branches of the dungeon, and saw 31 of its levels.
You also visited: Sewer, Bailey and Gauntlet.

You collected 16300 gold pieces.
You spent 9727 gold pieces at shops.
You paid 2853 gold pieces to Gozag.

Inventory:

Hand Weapons
 a - the +5 scimitar "Uhoumari" {spect, Int+2}
   (You found it on level 5 of the Lair of Beasts)

   Int:       It affects your intelligence (+2).
 r - the +9 spear "Toyrol" {vamp, Will+ Int+3}
   (You found it in a bailey)

   Int:       It affects your intelligence (+3).
   Will:      It increases your willpower.
 s - the +6 dagger of the Secret Spirits {heavy, rF+ Will+}
   (You bought it in a shop on level 4 of the Lair of Beasts)

   rF:        It protects you from fire.
   Will:      It increases your willpower.
 v - a +2 dagger of venom
 w - a +2 long sword of holy wrath
 x - a +7 vampiric double sword (weapon)
Missiles
 t - 17 javelins
 z - 6 curare-tipped darts
 J - 24 poisoned darts
 U - 4 boomerangs (quivered)
Armour
 N - the +18 shield of the Gong (worn) {Loud rN+ Will+ rCorr EV-5}
   (You found it on level 3 of the Swamp)

   Loud:      It is deafeningly noisy when blocking attacks.
   EV:        It affects your evasion (-5).
   rN:        It protects you from negative energy.
   rCorr:     It protects you from acid and corrosion.
   Will:      It increases your willpower.
 T - the +3 hat of Pondering (worn) {ponderous, Will+ MP+10 Int+5}
   (You took it off Gastronok on level 11 of the Dungeon)

   Int:       It affects your intelligence (+5).
   MP:        It affects your magic capacity (+10).
   Will:      It increases your willpower.
Jewellery
 h - a +6 ring of strength (left tentacle)
 i - a ring of protection from cold
 n - a ring of protection from cold (on tentacle)
 B - the ring of Scepticism (on tentacle) {rCorr MP+9 Str+6 Int+3 Dex-4}
   (You bought it in a shop on level 11 of the Dungeon)

   [ring of strength]

   Str:       It affects your strength (+6).
   Int:       It affects your intelligence (+3).
   Dex:       It affects your dexterity (-4).
   MP:        It affects your magic capacity (+9).
   rCorr:     It protects you from acid and corrosion.
 H - the ring of the Peculiar Wars (on tentacle) {rElec rF+ Dex+6}
   (You bought it in a shop on level 11 of the Dungeon)

   [ring of dexterity]

   Dex:       It affects your dexterity (+6).
   rF:        It protects you from fire.
   rElec:     It insulates you from electricity.
 I - a ring of wizardry (right tentacle)
 K - the ring "Car Booq" (on tentacle) {Fly rElec rF+ Will+ Int+5}
   (You bought it in a shop on level 11 of the Dungeon)

   [ring of protection from fire]

   Int:       It affects your intelligence (+5).
   rF:        It protects you from fire.
   rElec:     It insulates you from electricity.
   Fly:       It grants you flight.
   Will:      It increases your willpower.
 L - the ring "Ackeq" (on tentacle) {rPois rF+ Int+2 SInv}
   (You bought it in a shop on level 11 of the Dungeon)

   [ring of see invisible]

   Int:       It affects your intelligence (+2).
   rF:        It protects you from fire.
   rPois:     It protects you from poison.
   SInv:      It lets you see invisible.
 M - the ring "Xeunidog" (on tentacle) {Wiz rElec rCorr}
   (You found it in a Gauntlet)

   [ring of wizardry]

   It improves your spell success rate.
   rElec:     It insulates you from electricity.
   rCorr:     It protects you from acid and corrosion.
 V - a ring of protection from cold
 Z - an amulet of magic regeneration (around mantle)
Wands
 f - a wand of digging (14)
 A - a wand of paralysis (22)
 C - a wand of flame (66)
 D - a wand of acid (41)
 P - a wand of mindburst (24)
 Q - a wand of iceblast (19)
Scrolls
 b - 6 scrolls of fog
 e - 2 scrolls of poison
 m - 6 scrolls of teleportation
 y - a scroll of blinking
 E - 5 scrolls of magic mapping
 F - a scroll of silence
 W - 3 scrolls of fear
Potions
 c - 4 potions of haste
 d - 2 potions of curing
 g - a potion of invisibility
 j - 3 potions of resistance
 k - 5 potions of magic
 l - 6 potions of attraction
 o - 4 potions of brilliance
 p - 2 potions of flight
 q - 7 potions of might
 G - 8 potions of mutation
 O - a potion of berserk rage
 S - a potion of cancellation


   Skills:
 + Level 12.4 Fighting
 + Level 4.4(9.7) Short Blades
 * Level 13.3(13.6) Long Blades
 + Level 3.6 Polearms
 + Level 4.6 Throwing
 + Level 12.2 Dodging
 - Level 11.0 Stealth
 * Level 8.2 Shields
 * Level 15.3 Spellcasting
 + Level 7.6 Conjurations
 + Level 13.4 Necromancy
 + Level 5.1 Translocations
 + Level 7.1 Transmutations
 + Level 4.6 Fire Magic
 + Level 10.4 Ice Magic
 + Level 6.1 Air Magic
 * Level 6.3 Earth Magic
 + Level 5.5 Poison Magic
 + Level 0.7 Evocations


You had one spell level left.
You knew the following spells:

 Your Spells              Type           Power      Damage    Failure   Level
a - Statue Form           Tmut/Erth      43%        N/A       9%          6
b - Blink                 Tloc           100%       N/A       1%          2
c - Mephitic Cloud        Conj/Pois/Air  64%        N/A       1%          3
h - Vhi's Electric Charg  Tloc/Air       100%       N/A       1%          3
i - Irradiate             Conj/Tmut      34%        3d23      1%          5
k - Airstrike             Air            31%        2d(5-21)  1%          4
o - Scorch                Fire           100%       2d9       1%          2
p - Apportation           Tloc           100%       N/A       1%          1
r - Frozen Ramparts       Ice            100%       1d16      1%          3
u - Dispel Undead         Necr           88%        3d28      1%          4
w - Wereblood             Tmut           67%        N/A       1%          2
x - Olgreb's Toxic Radia  Pois           60%        N/A       1%          4
y - Sticky Flame          Conj/Fire      62%        2d8       1%          4
z - Freezing Cloud        Conj/Ice/Air   35%        6-21      1%          5

Your spell library contained the following spells:

 Spells                   Type           Power      Damage    Failure   Level
 Beastly Appendage        Tmut           100%       N/A       1%          1
 Foxfire                  Conj/Fire      100%       2x1d9     1%          1
 Kiss of Death            Conj/Necr      100%       2d13      1%          1
 Shock                    Conj/Air       100%       1d9       1%          1
 Sublimation of Blood     Necr           88%        N/A       0%          2
 Lesser Beckoning         Tloc           100%       N/A       1%          2
 Momentum Strike          Conj/Tloc      100%       3d10      1%          2
 Passwall                 Tmut/Erth      54%        N/A       1%          2
 Hailstorm                Conj/Ice       74%        3d15      1%          3
 Inner Flame              Hex/Fire       43%        N/A       1%          3
 Ozocubu's Armour         Ice            79%        N/A       1%          3
 Spider Form              Tmut/Pois      63%        N/A       1%          3
 Stone Arrow              Conj/Erth      100%       3d13      1%          3
 Swiftness                Air            62%        N/A       1%          3
 Volatile Blastmotes      Fire/Tloc      100%       2d18      1%          3
 Flame Wave               Conj/Fire      62%        2d14      1%          4
 Ice Form                 Ice/Tmut       73%        N/A       1%          4
 Iskenderun's Mystic Bla  Conj/Tloc      63%        2d13      1%          4
 Passage of Golubria      Tloc           58%        N/A       1%          4
 Petrify                  Tmut/Erth      65%        N/A       1%          4
 Summon Ice Beast         Ice/Summ       59%        N/A       1%          4
 Alistair's Intoxication  Tmut/Pois      42%        N/A       1%          5
 Arcjolt                  Conj/Air       32%        1d42      1%          5
 Iskenderun's Battlesphe  Conj           68%        2d12      1%          5
 Lee's Rapid Deconstruct  Erth           31%        3d16*     1%          5
 Fulminant Prism          Conj/Hex       26%        3d13      2%          4
 Leda's Liquefaction      Hex/Erth       24%        N/A       2%          4
 Confusing Touch          Hex            26%        N/A       3%          3
 Metabolic Englaciation   Hex/Ice        29%        N/A       3%          5
 Yara's Violent Unravell  Hex/Tmut       25%        3d11      6%          5
 Silence                  Hex/Air        24%        N/A       8%          5
 Iron Shot                Conj/Erth      33%        9d7       9%          6
 Ozocubu's Refrigeration  Ice            39%        4d16      11%         7
 Plasma Beam              Fire/Air       29%        2x1d46    16%         6
 Summon Mana Viper        Hex/Summ       26%        N/A       24%         5
 Storm Form               Tmut/Air       32%        N/A       43%         7
 Summon Cactus Giant      Summ           13%        N/A       75%         6
 Spellforged Servitor     Conj/Summ      26%        N/A       80%         7
 Lehudib's Crystal Spear  Conj/Erth      33%        10d8      95%         8
 Enfeeble                 Hex            13%        N/A       99%         7
 Monstrous Menagerie      Summ           13%        N/A       99%         7
 Ignition                 Fire           28%        3d9       100%        8
 Chain Lightning          Conj/Air       32%        3d43      100%        9
 Polar Vortex             Ice            39%        N/A       100%        9
 Simulacrum               Ice/Necr       Unusable   N/A       N/A         6
 Animate Armour           Summ/Erth      Unusable   N/A       N/A         4

Dungeon Overview and Level Annotations

Branches:
Dungeon (15/15)            Temple (0/1) D:5            Lair (5/5) D:11
  Swamp (4/4) Lair:2        Snake (4/4) Lair:2        Slime (0/5) Lair:5
    Orc (2/2) D:10            Elf (0/3) Orc:2        Vaults (0/5) D:13
 Depths (1/4) D:15          Sewer (visited)          Bailey (visited)
Gauntlet (visited)

Altars:
Ashenzari
Fedhas
Gozag
Okawaru
Sif Muna
Uskayaw
Vehumet
Wu Jian
Yredelemnul
The Shining One
Lugonu

Shops:
D:5 :   D:7 ?   D:10 [   D:11 ==   Orc:1 !   Orc:2 [:!*?   Lair:4 (
Snake:1 =::

Portals:
Abyss: Swamp:3
Pandemonium: Orc:2

Annotations:
D:5 2 yaks
D:13 6 transporters


Innate Abilities, Weirdness & Mutations

You are a living statue of rough stone.
Your actions are slow, but your melee attacks are powerful.
You are resistant to unholy torment.
Your maximum health is greatly increased.
You are immune to poison.
You cannot wear most types of armour.
You are amphibious.
You can wear up to eight rings at the same time.
Your skin changes colour to match your surroundings (Stealth+).
((Your rubbery body absorbs attacks. (AC +1, EV +1)))
((You are camouflaged when in or above water. (Stealth+)))
You have tentacles for arms and can constrict up to eight enemies at once.
Your muscles are strong. (Str +4, Int/Dex -1)


Message History

BOUMMMMG!
You block the caustic shrike's attack.
GONNNNG!
The caustic shrike claws you but does no damage. x2
The stone giant zombie hits you but does no damage.
The walking frostbound tome erupts in a flurry of living spells!
The caustic shrike claws you!
You are splashed with acid.
You resist.
The caustic shrike claws you but does no damage.
The caustic shrike claws you!! The acid corrodes you!
You are splashed with acid.
You resist. The frost giant zombie hits you. The stone giant zombie hits you.
You block the walking frostbound tome's attack.
PTOANNNG!
The deep troll bites you but does no damage.
The deep troll claws you but does no damage.
The deep troll claws you. The caustic shrike claws you!
* * * LOW HITPOINT WARNING * * *
You are splashed with acid.
You resist.
* * * LOW HITPOINT WARNING * * *
The caustic shrike claws you!
* * * LOW HITPOINT WARNING * * *
You are splashed with acid.
You resist.
* * * LOW HITPOINT WARNING * * *
The caustic shrike claws you but does no damage.
The frost giant zombie hits you but does no damage.
You hear a horrible gurgling sound!
There is a staircase back to the Dungeon here.
You block the caustic shrike's attack.
PTOANNNG!
You block the caustic shrike's attack.
GONNNNG!
The caustic shrike claws you!
* * * LOW HITPOINT WARNING * * *
The acid corrodes you!
You are splashed with acid.
You resist.
* * * LOW HITPOINT WARNING * * *
You block the caustic shrike's attack.
SHROANNG!
The caustic shrike claws you!
You die...
Your body crumbles into a pile of gold.

................
#........[.....≈
..............≈.
..............≈≈
.....$........≈
.V.....$...≈.
#.bbT......
#.Z8;T.....
##Z$bZ.....
#..***.....
............
.............
...............
...............
.....##........
$


You could see 3 caustic shrikes, a walking frostbound tome, a vampire knight, a
deep troll, a deep troll shaman, a stone giant zombie, a frost giant zombie, a
titan zombie and 3 living spells.

Vanquished Creatures
  Nikola (Snake:4)
  Rupert (Orc:2)
  A lich (D:15)
  Gastronok (D:11)
  Frances (D:14)
  Kirke (D:14)
  Roxanne (Swamp:2)
  2 shadow dragons (D:15)
  3 thorn hunters
  8 nagarajas
  Donald (Swamp:3)
  A frost giant (Depths:1)
  A fire giant (Depths:1)
  An emperor scorpion (D:15)
  2 ghouls (Swamp:3)
  Louise (Swamp:2)
  A cacodemon (Depths:1)
  An ironbound preserver (D:13)
  Nessos (D:14)
  2 stone giants (Depths:1)
  A vampire knight (D:15)
  A dire elephant (D:15)
  12 eleionomae
  A minotaur (Gauntlet)
  6 bunyips
  Snorg (D:10)
  A fire dragon (Depths:1)
  Josephine (D:12)
  Harold (Lair:2)
  4 shambling mangroves
  An ice dragon (D:15)
  Erolcha (D:11)
  3 salamander tyrants
  3 ghost crabs
  2 spriggan air magi
  3 demonspawn (Orc:2)
  2 catoblepae
  25 hydras
  6 anacondas
  3 boulder beetles
  4 alligators
  4 centaur warriors
  8 two-headed ogres
  A deep troll shaman (Lair:5)
  3 tengu warriors
  13 naga warriors
  3 death yaks (Lair:5)
  11 shock serpents
  9 orc high priests
  A soul eater (D:15)
  A spriggan berserker (Swamp:3)
  A titan skeleton (Depths:1)
  A sun demon (Orc:2)
  Nergalle (D:11)
  10 naga sharpshooters
  A skyshark (Lair:3)
  Amaemon (D:8)
  An iron troll (D:15)
  12 skeletal warriors
  7 goliath frogs
  A sixfirhy (Orc:2)
  2 salamander mystics
  A shadow wraith (Depths:1)
  7 spectral anacondas (Snake:2)
  12 swamp dragons
  5 anaconda zombies (Snake:2)
  2 sea snakes (Snake:4)
  5 spriggan druids (Swamp:3)
  4 bog bodies
  8 naga ritualists
  2 lindwurms (Lair:5)
  A necromancer (Depths:1)
  3 anaconda skeletons (Snake:2)
  9 orc knights
  10 orc sorcerers
  18 ugly things
  9 mana vipers
  2 deep elf pyromancers
  4 manticores
  5 cyclopes
  4 will-o-the-wisps
  16 salamanders
  Maurice (Orc:1)
  29 elephants
  40 black mambas
  5 guardian serpents
  17 naga magi
  A torpor snail (Lair:5)
  10 cane toads
  An orange demon (D:8)
  2 unseen horrors
  2 gargoyles
  14 rime drakes
  2 komodo dragons (Lair:2)
  3 minotaur zombies (Gauntlet)
  5 kobold demonologists
  6 yaktaurs (D:15)
  A tengu conjurer (Depths:1)
  2 anaconda simulacra (Snake:2)
  12 trolls
  2 polar bears
  3 meliai (D:15)
  A wind drake (shapeshifter) (D:13)
  11 hornets
  9 tyrant leeches
  A raiju (Gauntlet)
  A blink frog (Lair:3)
  16 dream sheep
  2 spriggan skeletons (Depths:1)
  10 slime creatures (D:15)
  2 shadows (Gauntlet)
  10 wyverns
  6 spriggans
  4 hogs (D:14)
  59 yaks
  Eustachio (D:4)
  7 wraiths
  A chaos spawn (Orc:2)
  9 basilisks
  A neqoxec (Orc:2)
  17 steam dragons
  10 vampire mosquitoes
  Edmund (D:5)
  22 swamp worms
  8 wargs
  48 nagas
  2 acid dragons
  15 water moccasins
  8 swamp drakes
  4 black bears
  3 ice beasts
  46 orc warriors
  6 sky beasts
  10 wolves
  7 centaurs
  11 ogres
  2 phantoms
  5 kobold brigands
  18 bullfrogs
  2 gnoll sergeants (D:9)
  2 scorpions
  12 wights
  10 killer bees
  5 electric eels (Bailey)
  2 howler monkeys
  4 lava snakes (Lair:2)
  7 jellies
  3 gnoll boudas
  4 hounds
  22 orc priests
  4 iguanas
  Terence (D:3)
  19 orc wizards
  5 hell rats (Lair:3)
  Natasha (thrice) (D:3)
  21 gnolls
  11 adders
  2 river rats
  A shadow imp (D:6)
  A white imp (D:7)
  2 worms
  3 dart slugs
  78 orcs
  9 bats
  14 endoplasms
  7 giant cockroaches
  16 goblins
  11 hobgoblins
  5 jackals
  10 ball pythons
  9 frilled lizards
  16 kobolds
  8 rats
  A lurking horror (Swamp:3)
1215 creatures vanquished.

Vanquished Creatures (others)
  A deep elf death mage (Depths:1)
  An alligator (Swamp:1)
  A deep troll earth mage (D:15)
  A spriggan druid (Swamp:4)
  A salamander (Snake:4)
  An ugly thing (Depths:1)
  2 black mambas
  3 rime drakes (Lair:2)
  2 bloated husks
  2 hornets (Swamp:4)
  A naga (Snake:4)
  3 orc warriors (Orc:2)
  A demonic plant (D:2)
  11 foxfires
  64 fungi
  99 plants
  2 withered plants (D:2)
196 creatures vanquished.

Grand Total: 1411 creatures vanquished

Notes
Turn   | Place    | Note
-------+----------+-------------------------------------------
     0 | D:5      | Esekla the Octopode Delver began the quest for the Orb.
     0 | D:5      | Reached XP level 1. HP: 16/16 MP: 1/1
    38 | D:5      | Noticed an orc priest
    55 | D:5      | Noticed Edmund
    84 | D:5      | Noticed an iguana
   103 | D:5      | Found the +6 shillelagh "Devastator" {shatter}
   128 | D:5      | Found an opulent altar of Gozag.
   143 | D:5      | Became a worshipper of Gozag Ym Sagoz the Greedy
   492 | D:5      | Noticed a phantom
   492 | D:5      | Noticed an orc wizard
   492 | D:5      | Noticed an orc wizard
   531 | D:3      | Reached XP level 2. HP: 21/21 MP: 2/2
   551 | D:3      | Noticed Natasha
   556 | D:3      | Killed Natasha
   557 | D:3      | Reached skill level 1 in Spellcasting
   557 | D:3      | Reached XP level 3. HP: 26/26 MP: 2/4
   578 | D:3      | Noticed Terence
   724 | D:2      | Reached XP level 4. HP: 31/31 MP: 5/5
  1429 | D:2      | Found a faded altar of an unknown god.
  2032 | D:3      | Noticed a scorpion
  2041 | D:3      | Killed a scorpion
  2042 | D:3      | Reached skill level 1 in Necromancy
  2042 | D:3      | Reached XP level 5. HP: 13/36 MP: 6/6
  2145 | D:3      | Found an iron altar of Okawaru.
  2670 | D:4      | Noticed Eustachio
  2670 | D:4      | Noticed a phantom
  2673 | D:4      | Reached skill level 1 in Short Blades
  2673 | D:4      | Reached XP level 6. HP: 42/42 MP: 8/8
  2904 | D:3      | Killed Terence
  2948 | D:3      | Noticed Natasha
  2964 | D:3      | Killed Natasha
  3129 | D:3      | Noticed Natasha
  3139 | D:3      | Killed Natasha
  3140 | D:3      | Reached skill level 1 in Shields
  3516 | D:4      | Killed Eustachio
  3517 | D:4      | Reached XP level 7. HP: 18/47 MP: 9/9
  3700 | D:4      | Reached skill level 2 in Spellcasting
  4148 | D:5      | Killed Edmund
  4410 | D:5      | Noticed a yak
  4410 | D:5      | Noticed a yak
  4636 | D:5      | Reached XP level 8. HP: 42/54 MP: 11/11
  4806 | D:5      | Found a staircase to the Ecumenical Temple.
  4939 | D:5      | Found a glowing golden altar of the Shining One.
  5051 | D:6      | Found a glowing drain.
  5198 | D:6      | Reached skill level 5 in Long Blades
  5198 | D:6      | Reached skill level 1 in Throwing
  5287 | Sewer    | Entered a sewer
  5525 | Sewer    | Found a viscous altar of Jiyva.
  5694 | D:5      | Bought a book of Rime for 420 gold pieces
  5698 | D:5      | Learned a level 3 spell: Frozen Ramparts
  5906 | D:8      | Found a flagged portal.
  5996 | Bailey   | Entered a bailey
  6014 | Bailey   | Reached skill level 1 in Conjurations
  6138 | Bailey   | Reached skill level 1 in Ice Magic
  6138 | Bailey   | Reached skill level 1 in Air Magic
  6251 | Bailey   | Noticed an orc high priest
  6301 | Bailey   | Reached XP level 9. HP: 59/59 MP: 13/13
  6802 | Bailey   | Reached skill level 3 in Spellcasting
  6939 | Bailey   | Killed an orc high priest
  6940 | Bailey   | Reached skill level 5 in Fighting
  7076 | Bailey   | Found an iron altar of Okawaru.
  7078 | Bailey   | Noticed an orc high priest
  7237 | Bailey   | Killed an orc high priest
  7238 | Bailey   | Reached XP level 10. HP: 42/66 MP: 15/15
  7541 | Bailey   | Identified the +9 spear "Toyrol" {vamp, Will+ Int+3}
  8956 | D:7      | Reached skill level 1 in Polearms
  9071 | D:6      | Found a blossoming altar of Fedhas.
  9183 | D:7      | Learned a level 2 spell: Wereblood
  9228 | D:7      | Found Tiahytaf's Magic Scroll Shop.
  9964 | D:6      | Reached skill level 4 in Spellcasting
 10413 | D:5      | Found an ornate altar of the Wu Jian Council.
 10494 | D:5      | Found a shimmering blue altar of Sif Muna.
 10502 | D:5      | Reached skill level 1 in Poison Magic
 10659 | D:5      | Bought the Exposition on Fetid Battle Magic for 720 gold
                  | pieces
 10672 | D:4      | Learned a level 3 spell: Mephitic Cloud
 10783 | D:7      | Bought a scroll of identify for 28 gold pieces
 10783 | D:7      | Bought a scroll of identify for 28 gold pieces
 10783 | D:7      | Bought a scroll of identify for 28 gold pieces
 10783 | D:7      | Bought a scroll of identify for 28 gold pieces
 10877 | D:7      | Upgraded the game from 0.30-a0-989-g0d87f670db to
                  | 0.30-a0-996-ga6910c8ee8
 11133 | D:8      | Reached skill level 1 in Transmutations
 11190 | D:8      | Noticed a boulder beetle
 11209 | D:8      | Killed a boulder beetle
 11210 | D:8      | Reached skill level 5 in Dodging
 11349 | D:8      | Noticed a two-headed ogre
 11440 | D:8      | Identified the +4 ring mail of Vanity {Int+3}
 11752 | D:8      | Noticed Amaemon
 11758 | D:8      | Noticed an orange demon
 11932 | D:8      | Reached XP level 11. HP: 72/72 MP: 12/18
 12110 | D:8      | Killed Amaemon
 12393 | D:9      | Reached skill level 5 in Spellcasting
 12488 | D:9      | Found a radiant altar of Vehumet.
 13092 | D:9      | Learned a level 1 spell: Apportation
 13668 | D:8      | Noticed a two-headed ogre
 13767 | D:10     | Entered Level 10 of the Dungeon
 13809 | D:10     | Reached skill level 10 in Stealth
 13906 | D:10     | Found a broken altar of Ashenzari.
 14092 | D:5      | Bought a book of Ice for 690 gold pieces
 14098 | D:5      | Learned a level 5 spell: Freezing Cloud
 14385 | D:10     | Found a staircase to the Orcish Mines.
 14385 | D:10     | Found Ocucs's Armour Emporium.
 14504 | D:10     | Noticed a cyclops
 14534 | D:10     | Noticed a two-headed ogre
 14538 | D:10     | Killed a two-headed ogre
 14539 | D:10     | Reached skill level 6 in Spellcasting
 15653 | D:11     | Noticed Gastronok
 15698 | Orc:1    | Entered Level 1 of the Orcish Mines
 15716 | Orc:1    | Noticed Snorg
 15899 | Orc:1    | Noticed Maurice
 16020 | D:10     | Killed a cyclops
 16021 | D:10     | Reached skill level 1 in Fire Magic
 16235 | D:11     | Noticed a boulder beetle
 16292 | D:11     | Noticed Erolcha
 16314 | D:11     | Killed a boulder beetle
 16315 | D:11     | Reached XP level 12. HP: 41/81 MP: 12/21
 16316 | D:11     | Killed Erolcha
 17228 | D:10     | Killed Snorg
 17459 | Orc:1    | Killed Maurice
 18061 | Orc:1    | Noticed a two-headed ogre
 18071 | Orc:1    | Killed a two-headed ogre
 18073 | Orc:1    | Reached skill level 5 in Air Magic
 18080 | Orc:1    | Noticed a two-headed ogre
 18695 | D:10     | Killed a two-headed ogre
 18696 | D:10     | Reached skill level 7 in Spellcasting
 18943 | Orc:1    | Found Wodeqime's Distillery.
 18979 | Orc:1    | Bought a potion of ambrosia for 88 gold pieces
 18979 | Orc:1    | Bought a potion of degeneration for 11 gold pieces
 19218 | D:11     | Noticed Nergalle
 19576 | D:5      | Bought a book of Scorching for 450 gold pieces
 19579 | D:5      | Learned a level 2 spell: Scorch
 19653 | D:8      | Killed a two-headed ogre
 19654 | D:8      | Reached skill level 5 in Ice Magic
 19792 | D:8      | Killed a two-headed ogre
 20102 | D:11     | Killed Nergalle
 20460 | D:11     | Killed Gastronok
 20461 | D:11     | Reached skill level 5 in Conjurations
 20461 | D:11     | Reached skill level 1 in Translocations
 20616 | D:11     | Reached XP level 13. HP: 37/88 MP: 24/24
 21465 | D:11     | Found a staircase to the Lair.
 21551 | D:12     | Noticed Josephine
 21743 | D:12     | Reached skill level 8 in Spellcasting
 22436 | D:5      | Bought a manual of Necromancy for 1200 gold pieces
 22441 | D:5      | Learned a level 4 spell: Dispel Undead
 22557 | Lair:1   | Entered Level 1 of the Lair of Beasts
 23688 | Lair:2   | Noticed Harold
 23755 | Lair:2   | Killed Harold
 23934 | Lair:2   | Reached skill level 9 in Spellcasting
 24777 | Lair:2   | Reached XP level 14. HP: 95/95 MP: 27/27
 24864 | Lair:2   | Found a staircase to the Snake Pit.
 25036 | Lair:2   | Reached skill level 10 in Long Blades
 25043 | Lair:2   | Reached skill level 5 in Necromancy
 25371 | Lair:2   | Found a staircase to the Swamp.
 25509 | Orc:2    | Entered Level 2 of the Orcish Mines
 25509 | Orc:2    | Found a staircase to the Elven Halls.
 25521 | Orc:2    | Noticed Rupert
 26766 | Orc:2    | Paralysed by Rupert for 5 turns
 26772 | Orc:2    | Killed Rupert
 26786 | Orc:2    | Reached skill level 10 in Spellcasting
 26955 | Orc:2    | Found Siskut's Magic Scroll Emporium.
 26973 | Orc:2    | Bought a scroll of blinking for 120 gold pieces
 27247 | Orc:2    | Found Gezyez's Distillery.
 27270 | Orc:2    | Found Menay's General Store.
 28973 | Orc:2    | Found Puelucosch's Book Emporium.
 28973 | Orc:2    | Found a one-way gate leading to the halls of Pandemonium.
 28973 | Orc:2    | Found Dutasa's Antique Armour Shoppe.
 28980 | Orc:2    | Bought the Unrestrained Analects for 660 gold pieces
 28980 | Orc:2    | Bought a book of Flames for 420 gold pieces
 28980 | Orc:2    | Bought a book of Alchemy for 420 gold pieces
 28985 | Orc:2    | Learned a level 4 spell: Olgreb's Toxic Radiance
 28990 | Orc:2    | Learned a level 4 spell: Sticky Flame
 28996 | Orc:2    | Learned a level 5 spell: Irradiate
 29347 | Lair:3   | Identified the +1 robe of the Seven Olives {rF+ Will+
                  | Dex+4}
 29401 | Lair:3   | Identified the +10 flail of Jatwiqusch {heavy, *Rage rC++}
 29627 | Lair:3   | Reached XP level 15. HP: 54/101 MP: 25/29
 30704 | D:12     | Killed Josephine
 30705 | D:12     | Reached skill level 11 in Spellcasting
 31786 | Lair:4   | Acquired the +4 hat of Jiaxadud {rElec Str+2}
 31788 | Lair:4   | Acquired 760 gold pieces
 31809 | Lair:4   | Found a gate leading to a gauntlet.
 31925 | Lair:4   | Bought the +6 dagger of the Secret Spirits {heavy, rF+
                  | Will+} for 798 gold pieces
 31946 | Gauntlet | Entered a Gauntlet
 31946 | Gauntlet | Found a transporter.
 31954 | Gauntlet | Found a transporter.
 31956 | Gauntlet | Found a transporter.
 31958 | Gauntlet | Found a transporter.
 31973 | Gauntlet | Found a transporter.
 31988 | Gauntlet | Found a transporter.
 31995 | Gauntlet | Found a transporter.
 32012 | Gauntlet | Found a transporter.
 32030 | Gauntlet | Found a transporter.
 32042 | Gauntlet | Found a transporter.
 32054 | Gauntlet | Found a transporter.
 32071 | Gauntlet | Found a transporter.
 32083 | Gauntlet | Found a transporter.
 32100 | Gauntlet | Found a transporter.
 32117 | Gauntlet | Found a transporter.
 32119 | Gauntlet | Found a transporter.
 32151 | Gauntlet | Found a transporter.
 32153 | Gauntlet | Found a transporter.
 32351 | Gauntlet | Identified the ring "Xeunidog" {Wiz rElec rCorr}
 32815 | Lair:4   | Found a glowing golden altar of the Shining One.
 33129 | Lair:4   | Reached skill level 5 in Transmutations
 33540 | Lair:5   | Entered Level 5 of the Lair of Beasts
 34341 | D:11     | Bought the ring of the Peculiar Wars {rElec rF+ Dex+6} for
                  | 855 gold pieces
 34534 | Lair:5   | Reached skill level 10 in Fighting
 34686 | Lair:5   | Reached XP level 16. HP: 109/109 MP: 31/31
 35112 | Lair:5   | Reached skill level 12 in Spellcasting
 35296 | Lair:5   | HP: 5/109 [deep troll shaman (16)]
 35302 | Lair:5   | Reached skill level 5 in Poison Magic
 35737 | Lair:5   | Identified the +5 scimitar "Uhoumari" {spect, Int+2}
 36070 | Lair:5   | Found a staircase to the Slime Pits.
 36185 | Lair:5   | Upgraded the game from 0.30-a0-996-ga6910c8ee8 to
                  | 0.30-a0-1008-g30c9307041
 36427 | D:13     | Found a transporter.
 36431 | D:13     | Found a transporter.
 36437 | D:13     | Found a transporter.
 36456 | D:13     | Found a transporter.
 36758 | D:13     | Found a transporter.
 36761 | D:13     | Found a transporter.
 36880 | D:13     | Reached skill level 10 in Dodging
 37165 | D:13     | Found a gate to the Vaults.
 37670 | D:14     | Found a hide-covered altar of Uskayaw.
 37809 | D:14     | Noticed Kirke
 37819 | D:14     | Killed Kirke
 37952 | D:14     | Found an ornate altar of the Wu Jian Council.
 37976 | D:14     | Noticed Nessos
 37983 | D:14     | Killed Nessos
 38098 | D:14     | Noticed Frances
 38218 | D:14     | Killed Frances
 38565 | D:15     | Entered Level 15 of the Dungeon
 38722 | D:15     | Reached skill level 10 in Necromancy
 39475 | D:15     | Found a staircase to the Depths.
 39614 | D:15     | Learned a level 4 spell: Airstrike
 40049 | Snake:1  | Entered Level 1 of the Snake Pit
 40097 | Snake:1  | Reached skill level 13 in Spellcasting
 40097 | Snake:1  | Reached XP level 17. HP: 97/117 MP: 29/34
 41315 | Snake:1  | Found Ger Xouh's Jewellery Shoppe.
 41316 | Snake:1  | Found Kiryeveu's Book Shop.
 41316 | Snake:1  | Found Vuuxoruy's Book Shop.
 41326 | Snake:1  | Bought a book of Spatial Translocations for 234 gold pieces
 41329 | Snake:1  | Learned a level 2 spell: Blink
 41994 | Snake:2  | Reached skill level 1 in Earth Magic
 42301 | Snake:2  | Acquired a +2 vampiric double sword
 42925 | Snake:1  | Bought a book of Sloth for 396 gold pieces
 42932 | Snake:1  | Learned a level 6 spell: Statue Form
 45561 | Snake:3  | Reached skill level 5 in Shields
 46400 | Snake:4  | Entered Level 4 of the Snake Pit
 46471 | Snake:4  | Reached XP level 18. HP: 124/124 MP: 35/35
 46658 | Snake:4  | Reached skill level 14 in Spellcasting
 46854 | Snake:4  | Noticed Nikola
 46972 | Snake:4  | Killed Nikola
 48004 | Snake:4  | Got a serpentine rune of Zot
 48201 | D:11     | Bought the ring of Scepticism {rCorr MP+9 Str+6 Int+3
                  | Dex-4} for 719 gold pieces
 48201 | D:11     | Bought the ring "Ackeq" {rPois rF+ Int+2 SInv} for 411 gold
                  | pieces
 48201 | D:11     | Bought the ring "Car Booq" {Fly rElec rF+ Will+ Int+5} for
                  | 629 gold pieces
 48297 | Swamp:1  | Entered Level 1 of the Swamp
 48532 | Swamp:1  | Reached skill level 10 in Ice Magic
 48765 | Swamp:1  | Identified the +0 leather armour of Amelioration {rC- Will-
                  | Dex+10 Stlth+}
 49377 | Swamp:2  | Reached XP level 19. HP: 131/131 MP: 37/37
 49391 | Swamp:2  | Noticed Louise
 49399 | Swamp:2  | Killed Louise
 49460 | Swamp:2  | Noticed Roxanne
 49464 | Swamp:2  | Found a basalt altar of Yredelemnul.
 49488 | Swamp:2  | Killed Roxanne
 50001 | Swamp:3  | Reached skill level 5 in Earth Magic
 50203 | Swamp:3  | Found the +18 shield of the Gong {Loud rN+ Will+ rCorr
                  | EV-5}
 50723 | Snake:1  | Bought a book of Lightning for 374 gold pieces
 50727 | Snake:1  | Learned a level 3 spell: Vhi's Electric Charge
 51409 | Swamp:3  | Found a one-way gate to the infinite horrors of the Abyss.
 51434 | Swamp:3  | Found a corrupted altar of Lugonu.
 51754 | Swamp:4  | Entered Level 4 of the Swamp
 51833 | Swamp:4  | Noticed Donald
 51839 | Swamp:4  | Reached skill level 15 in Spellcasting
 51861 | Swamp:3  | Killed Donald
 52228 | Swamp:4  | Reached skill level 5 in Translocations
 52340 | Swamp:4  | Got a decaying rune of Zot
 52568 | Swamp:4  | Got Sif Muna's Book of the Evolved Fjord
 52638 | Swamp:4  | Learned a level 4 spell: Airstrike
 52834 | Depths:1 | Entered Level 1 of the Depths
 52879 | Depths:1 | Gained mutation: Your muscles are strong. (Str +4, Int/Dex
                  | -1) [a cacodemon]
 52885 | Depths:1 | Reached XP level 20. HP: 138/138 MP: 39/39
 52926 | Depths:1 | Noticed a caustic shrike
 52926 | Depths:1 | Noticed a caustic shrike
 52966 | Depths:1 | Noticed a caustic shrike
 52966 | Depths:1 | Noticed a caustic shrike
 52969 | D:15     | HP: 8/171 [acid (4)]
 52972 | D:15     | HP: 3/171 [acid (2)]
 53039 | Depths:1 | Mangled by a caustic shrike

Illustrated notes

Levels and vault maps discovered:
D:1:      psy_arrival_statuary, layout_basic, minmay_misc_feat_hallway
D:2:      layout_loops_ring, shapermc_ecumenical_altar_gd
D:3:      layout_basic, okawaru_gym_becter, uniq_natasha, uniq_terence
D:4:      layout_layer_cave, kennysheep_doodads, kennysheep_flooded_box,
          uniq_eustachio
D:5:      layout_basic, tso_oasis_becter, mainiacjoe_overflow_two_lobes,
          grunt_gozag_breadcrumbs, minmay_temple_entry_antechambers, uniq_edmund
D:6:      layout_basic, nicolae_overflow_hidden_temple,
          cheibrodos_sewer_entry_sluice
D:7:      layout_basic, serial_shops, nicolae_shop_hallway_stairs,
          kennysheep_generic_room_7
D:8:      layout_loops_ring, enter_bailey_2, minmay_chambers_of_fives,
          uniq_amaemon
D:9:      layout_roguey, mainiacjoe_overflow_cross_hatched, sword_in_stone
D:10:     layout_loops_ring, nicolae_ashenzari_panopticon, orc_david_3
D:11:     layout_loops_ring, grunt_lair_entry_orc_guard_hut, uniq_gastronok,
          uniq_erolcha, uniq_nergalle
D:12:     layout_basic, uniq_josephine
D:13:     layout_loops_ring, skrybe_vaults_entry_preservation,
          skrybe_limestone_x, serial_nicolae_subway,
          nicolae_sub_station_crystal, nicolae_sub_station_stone,
          nicolae_sub_station_metal
D:14:     layout_loops_ring, nicolae_uskayaw_murder_on_the_dancefloor,
          nzn_wu_jian_contemplation, uniq_kirke, uniq_nessos, uniq_frances
D:15:     hangedman_depths_entry_try_elsewhere_first, layout_long_grid,
          minmay_misc_feat_cross
Lair:1:   layout_cave_shapes, serial_bayou_crossing, grunt_megastairs_1
Lair:2:   layout_long_grid, palyth_hydra_swamp_entry,
          nicolae_snake_entry_warm_welcome, bobbens_dragon_lair_wall,
          uniq_harold
Lair:3:   layout_roguey [special_room_mythical_zoo], beast_lair_carwin_7,
          serial_bayou_shore_a
Lair:4:   layout_regular_city, gauntlet_entry_generic, basic_altar
Lair:5:   grunt_lair_end_beastmaster, layout_loops_ring,
          dpeg_slime_entry_enclosed, serial_rivers,
          chequers_serial_rivers_micro_c, chequers_serial_rivers_small_b,
          chequers_serial_rivers_micro_d, chequers_serial_rivers_micro_e,
          chequers_serial_rivers_marsh
Swamp:1:  nicolae_swamp_wrong_neighborhood, layout_falls_marsh,
          nicolae_swamp_very_dense_foliage, infiniplex_staircase_pool_2
Swamp:2:  layout_basic_swamp, basic_altar, infiniplex_staircase_pool,
          uniq_roxanne, uniq_louise
Swamp:3:  nzn_winding_woodlands_medium [nzn_winding_woodlands_hourglass,
          nzn_winding_woodlands_5x15_sawtooth,
          nzn_winding_woodlands_5x5_closed_star,
          nzn_winding_woodlands_5x5_perimeter,
          nzn_winding_woodlands_center_diamonds,
          nzn_winding_woodlands_5x5_default,
          nzn_winding_woodlands_5x5_open_star,
          nzn_winding_woodlands_5x15_zeroes, nzn_winding_woodlands_5x5_cross],
          layout_basic_swamp, hangedman_swamp_lotus, swamp_pool1,
          amcnicky_altar_lugonu_corruption
Swamp:4:  swamp, layout_basic_swamp, nicolae_swamp_oxbows, uniq_donald
Snake:1:  layout_misc_corridors, lemuel_fruit_tree, minmay_shop_grove
Snake:2:  layout_chambers, nicolae_snake_dead_anacondas
Snake:3:  layout_basic, nicolae_snake_gridmaze_swirls
Snake:4:  minmay_snake_end_coiled, layout_misc_corridors, serial_bayou_pond_c,
          serial_bayou_shore_b, uniq_nikola
Orc:1:    layout_caves, serial_shops, shop_fountains, uniq_snorg, uniq_maurice
Orc:2:    pf_orc_diabolical, layout_diamond_mine, nicolae_orc_bridge_out,
          guppyfry_orc_lava_fort, uniq_rupert
Depths:1: layout_cave_pools, minmay_crystal_room, grunt_pan_entry_zigzag,
          special_room [special_room_morgue], mu_enter_wizlab_2, hell_entry,
          dk_noncrumbling_4, minmay_crystal_water, grunt_potential

Skill      XL: |  1  2  3  4  5  6  7  8  9 10 11 12 13 14 15 16 17 18 19 20 |
---------------+-------------------------------------------------------------+-----
Stealth        | 7 8 9 10 11 | 11.0
Spellcasting   | 1 2 3 4 6 7 9 10 11 13 14 15 | 15.3
Long Blades    | 3 4 5 7 8 9 10 11 12 13 | 13.3
Necromancy     | 1 2 4 7 9 10 11 12 13 | 13.4
Short Blades   | 1 2 3 4 |  4.4
Shields        | 1 2 3 4 5 6 7 8 |  8.2
Dodging        | 3 4 5 6 7 8 9 10 11 12 | 12.2
Fighting       | 4 5 6 7 8 9 10 11 12 | 12.4
Throwing       | 1 2 3 4 |  4.6
Conjurations   | 1 2 3 4 5 6 7 |  7.6
Ice Magic      | 1 2 3 4 5 6 7 8 9 10 | 10.4
Air Magic      | 1 2 3 4 5 6 |  6.1
Polearms       | 1 2 3 |  3.6
Poison Magic   | 2 3 4 5 |  5.5
Transmutations | 2 3 4 5 6 7 |  7.1
Fire Magic     | 1 3 4 |  4.6
Translocations | 1 2 3 4 5 |  5.1
Earth Magic    | 2 4 6 |  6.3
Evocations     | |  0.7

Action                     |  1- 3 |  4- 6 |  7- 9 | 10-12 | 13-15 | 16-18 | 19-21 || total
---------------------------+-------+-------+-------+-------+-------+-------+-------++-------
  Melee: Falchion          |    25 |   104 |    53 |       |       |       |       ||   182
         Constrict         |     5 |    33 |    42 |    76 |   113 |    71 |    32 ||   372
         Tentacles         |     2 |    25 |    53 |   141 |   197 |   181 |    87 ||   686
         Dagger            |     4 |    36 |    25 |   217 |   293 |   221 |    12 ||   808
         Punch             |       |     1 |     4 |     6 |    10 |    14 |     9 ||    44
         Long sword        |       |       |   118 |   144 |   134 |       |       ||   396
         Spear             |       |       |       |   117 |   236 |    62 |    21 ||   436
         Scimitar          |       |       |       |       |       |   249 |   139 ||   388
         Double sword      |       |       |       |       |       |    75 |    65 ||   140
  Throw: Dart              |       |     7 |     9 |    51 |    26 |       |       ||    93
         Javelin           |       |     2 |    11 |    16 |     2 |       |       ||    31
         Boomerang         |       |       |       |       |    79 |    70 |    19 ||   168
   Cast: Frozen Ramparts   |       |       |       |    48 |    89 |    81 |     2 ||   220
         Mephitic Cloud    |       |       |       |    65 |    81 |    30 |     3 ||   179
         Wereblood         |       |       |       |    23 |    45 |    43 |    13 ||   124
         Freezing Cloud    |       |       |       |    12 |    34 |    66 |    17 ||   129
         Apportation       |       |       |       |    34 |   206 |   186 |    51 ||   477
         Scorch            |       |       |       |    11 |     8 |     2 |       ||    21
         Dispel Undead     |       |       |       |       |    23 |     9 |     4 ||    36
         Olgreb's Toxic Ra |       |       |       |       |    15 |    12 |     5 ||    32
         Sticky Flame      |       |       |       |       |     9 |    24 |    19 ||    52
         Irradiate         |       |       |       |       |     1 |     6 |     6 ||    13
         Statue Form       |       |       |       |       |       |    24 |    23 ||    47
         Airstrike         |       |       |       |       |       |     1 |       ||     1
         Blink             |       |       |       |       |       |     1 |     1 ||     2
         Vhi's Electric Ch |       |       |       |       |       |       |     1 ||     1
 Invoke: Call Merchant     |       |       |     1 |       |     2 |     1 |       ||     4
  Evoke: Wand              |       |       |     4 |     9 |     1 |       |       ||    14
    Use: Potion            |     1 |       |     1 |     8 |     9 |     5 |     7 ||    31
         Scroll            |     1 |       |     9 |    19 |     7 |    11 |     1 ||    48
   Stab: Sleeping          |     6 |    24 |    19 |    15 |    24 |    31 |     8 ||   127
         Distracted        |       |     2 |     1 |     2 |     4 |     9 |     7 ||    25
         Confused          |       |       |       |    34 |    46 |    10 |       ||    90
         Invisible         |       |       |       |       |     2 |       |       ||     2
 Armour: Skin              |       |     8 |     5 |     6 |    96 |   190 |   322 ||   627
  Dodge: Dodged            |    14 |    63 |    79 |   267 |   360 |   438 |   209 ||  1430
  Block: Buckler           |       |     8 |    29 |    82 |   133 |    58 |       ||   310
         Kite shield       |       |       |       |       |       |   267 |   462 ||   729

Table legend: (Time is in decaauts)
 A = Elapsed time spent in this place.
 B = Non-inter-level travel time spent in this place.
 C = Inter-level travel time spent in this place.
 D = Time resting spent in this place.
 E = Time spent auto-exploring this place.
 F = Levels seen in this place.
 G = Mean time per level.
                   A        B        C        D        E       F      G
               +--------+--------+--------+--------+--------+-----+--------+
         Total |  55444 |  51261 |   4183 |  18478 |  10301 |  34 | 1630.7 |
       Dungeon |  25475 |  23119 |   2356 |   7653 |   4553 |  15 | 1698.3 |
          Lair |   8801 |   7624 |   1177 |   2690 |   2059 |   5 | 1760.2 |
         Swamp |   5003 |   4727 |    276 |   1107 |   1620 |   4 | 1250.8 |
     Snake Pit |   8457 |   8185 |    272 |   3510 |   1498 |   4 | 2114.2 |
  Orcish Mines |   4408 |   4308 |    100 |   2205 |    501 |   2 | 2204.0 |
        Depths |     76 |     76 |      0 |      0 |      0 |   1 |   76.0 |
         Sewer |    359 |    359 |      0 |     12 |     20 |   1 |  359.0 |
        Bailey |   2052 |   2052 |      0 |   1025 |     48 |   1 | 2052.0 |
      Gauntlet |    809 |    809 |      0 |    273 |      0 |   1 |  809.0 |
               +--------+--------+--------+--------+--------+-----+--------+

Top non-repeatable levels by time:
    D:10: 3824 daAuts
   Orc:2: 3243 daAuts
    D:11: 2893 daAuts
  Lair:2: 2625 daAuts
 Snake:2: 2484 daAuts
    D:12: 2408 daAuts
 Swamp:3: 2364 daAuts
 Snake:3: 2187 daAuts
  Lair:5: 2183 daAuts
 Snake:4: 2071 daAuts
  Bailey: 2052 daAuts
     D:8: 1929 daAuts
 Snake:1: 1714 daAuts
     D:5: 1694 daAuts
     D:7: 1651 daAuts
